 Dungeon Crawl Stone Soup version 0.24.0-13-gcf9b3192b9 (webtiles) character file.

Game seed: 8521456361605673444, levelgen mode: deterministic

649 Arum the Shield-Bearer (level 7, -7/58 HPs)
             Began as a Formicid Fighter on Nov 10, 2019.
             Was an Initiate of Gozag.
             Mangled by a hornet (9 damage)
             ... on level 6 of the Dungeon.
             The game lasted 00:06:02 (4587 turns).

Arum the Shield-Bearer (Formicid Fighter)           Turns: 4587, Time: 00:06:03

Health: -7/58      AC: 12    Str: 20    XL:     7   Next: 83%
Magic:  7/7        EV:  5    Int: 13    God:    Gozag
Gold:   400        SH:  5    Dex: 12    Spells: 6/6 levels left

rFire    . . .     SeeInvis +   a - +0 quarterstaff
rCold    . . .     Gourm    .   p - +0 buckler
rNeg     . . .     Faith    .   k - +0 plate armour
rPois    .         Spirit   .   (helmet unavailable)
rElec    .         Reflect  .   (no cloak)
rCorr    .         Harm     .   e - +0 pair of gloves
MR       .....                  (no boots)
Stlth    ..........             (no amulet)
HPRegen  0.19/turn              s - ring of teleportation (curse)
MPRegen  0.10/turn              (no ring)

@: brilliant, lethally poisoned (-7 -> -13), gold aura
A: permanent stasis, dig shafts and tunnels, four strong arms, antennae 3
a: Dig, Shaft Self, Potion Petition, Call Merchant, Bribe Branch, Renounce
Religion


You were on level 6 of the Dungeon.
You worshipped Gozag.
Gozag was aware of your devotion.
You were not hungry.

You visited 1 branch of the dungeon, and saw 6 of its levels.

You collected 595 gold pieces.
You spent 156 gold pieces at shops.
You paid 39 gold pieces to Gozag.

Inventory:

Hand Weapons
 a - a +0 quarterstaff (weapon)
Armour
 b - a +0 scale mail
 c - a +0 shield
 e - a +0 pair of gloves (worn)
 k - a +0 plate armour (worn)
 p - a +0 buckler (worn)
Jewellery
 s - a cursed ring of teleportation (left hand)
Wands
 u - a wand of enslavement (11)
Scrolls
 g - 2 scrolls of immolation {unknown}
 h - 7 scrolls of identify {unknown}
 j - 2 scrolls of blinking {unknown}
 n - a scroll of noise {unknown}
 o - a scroll of enchant armour {unknown}
 q - 2 scrolls of teleportation {unknown}
 v - a scroll of random uselessness {unknown}
Potions
 d - a potion of might
 i - 3 potions of heal wounds
 l - a potion of ambrosia {unknown}
 t - a potion of agility
 w - 2 potions of haste {unknown}
Comestibles
 f - 5 rations


   Skills:
 + Level 6.0 Fighting
 + Level 4.9 Staves
 - Level 3.2 Armour
 + Level 6.6 Shields


You had 6 spell levels left.
You didn't know any spells.
Your spell library contained the following spells:

 Spells                   Type           Power        Failure   Level  Hunger
 Animate Skeleton         Necr           N/A          61%         1    ##.....
 Apportation              Tloc           #.....       61%         1    ##.....
 Confusing Touch          Hex            #.....       61%         1    ##.....
 Summon Small Mammal      Summ           #...         61%         1    ##.....


Dungeon Overview and Level Annotations

Branches:
Dungeon (6/15)             Temple (0/1) D:5

Altars:
Ashenzari
Cheibriados
Fedhas
Gozag
Kikubaaqudgha
Makhleb
Okawaru
Sif Muna
Trog
Vehumet
Yredelemnul
The Shining One

Shops:
D:4 !

Annotations:
D:3 2 transporters, Esos's ghost, amateur DgIE


Innate Abilities, Weirdness & Mutations

You cannot be hasted, slowed, berserked, paralysed or teleported.
You can dig through walls and to a lower floor.
Your four strong arms can wield two-handed weapons with a shield.
You have a pair of large antennae on your head. (SInv)


Message History

You miss the hornet. The hornet stings you!
* * * LOW HITPOINT WARNING * * *
You are poisoned.
Your stasis prevents you from being slowed.
You block the hornet's attack.
Your plate armour prevents you from hitting the hornet.
You feel sick. You block the hornet's attack.
You feel better. The hornet stings you.
* * * LOW HITPOINT WARNING * * *
You are poisoned.
Your stasis prevents you from being slowed.
The hornet stings you!
* * * LOW HITPOINT WARNING * * *
Your stasis prevents you from being slowed.
It was a potion of brilliance.
You feel clever all of a sudden.
* * * LOW HITPOINT WARNING * * *
You feel sick. The hornet stings you!
You die...
Your body crumbles into a pile of gold.

.# .## ####..
..... #### ...
. #.. ..## ...
#.#####..##....
#<...@yS.......
#.#.#.#....##.
#.#...#$..##
#.#####...# #..
...... ###
#......
+.?......
#........
.........


You could see a hornet and an adder.

Vanquished Creatures
  2 ogres
  A scorpion (D:5)
  A bullfrog skeleton (D:4)
  A hound (D:5)
  A jelly (D:5)
  2 orc priests (D:5)
  3 worker ants
  An orc wizard (D:5)
  An iguana (D:5)
  Robin (D:3)
  An adder (D:2)
  4 gnolls (D:5)
  A shadow imp (D:5)
  3 oozes
  2 worms
  2 leopard geckos
  6 orcs (D:5)
  A ball python (D:5)
  3 bats
  3 giant cockroaches
  15 goblins
  7 hobgoblins
  8 jackals
  2 quokkas
  A frilled lizard (D:4)
  8 kobolds
  4 rats
  A rat zombie (D:4)
86 creatures vanquished.

Notes
Turn   | Place    | Note
-------+----------+-------------------------------------------
     0 | D:1      | Arum the Formicid Fighter began the quest for the Orb.
     0 | D:1      | Reached XP level 1. HP: 18/18 MP: 1/1
   136 | D:1      | Reached XP level 2. HP: 24/24 MP: 2/2
   721 | D:2      | Reached XP level 3. HP: 29/30 MP: 3/3
   754 | D:2      | Found a glowing golden altar of the Shining One.
   756 | D:2      | Noticed an angel
   769 | D:2      | Found a basalt altar of Yredelemnul.
   771 | D:2      | Noticed a profane servitor
  1145 | D:3      | Reached XP level 4. HP: 28/37 MP: 4/4
  1225 | D:3      | Noticed Esos's ghost (amateur DgIE)
  1226 | D:3      | Found a transporter.
  1253 | D:3      | Found a transporter.
  1294 | D:3      | Found an opulent altar of Gozag.
  1305 | D:3      | Became a worshipper of Gozag Ym Sagoz the Greedy
  1382 | D:3      | Found a shattered altar of Ashenzari.
  1385 | D:3      | Found a shimmering blue altar of Sif Muna.
  1448 | D:3      | Found a blossoming altar of Fedhas.
  1448 | D:3      | Found a snail-covered altar of Cheibriados.
  1566 | D:3      | Noticed Robin
  1608 | D:3      | Killed Robin
  1608 | D:3      | Reached XP level 5. HP: 36/42 MP: 5/5
  2051 | D:4      | Reached skill level 5 in Shields
  2273 | D:4      | Found an ancient bone altar of Kikubaaqudgha.
  2327 | D:4      | Found Estromug's Distillery.
  2388 | D:4      | Bought a potion of agility for 48 gold pieces
  2388 | D:4      | Bought a potion of curing for 36 gold pieces
  2388 | D:4      | Bought a potion of degeneration for 12 gold pieces
  2388 | D:4      | Bought a potion of heal wounds for 60 gold pieces
  2434 | D:4      | Found an iron altar of Okawaru.
  2434 | D:4      | Found a burning altar of Makhleb.
  2439 | D:4      | Found a radiant altar of Vehumet.
  2441 | D:4      | Found a faded altar of an unknown god.
  2442 | D:4      | Found a bloodstained altar of Trog.
  2876 | D:5      | Entered Level 5 of the Dungeon
  2904 | D:5      | Reached XP level 6. HP: 17/50 MP: 6/6
  3009 | D:5      | Reached skill level 5 in Fighting
  3206 | D:5      | Noticed an ogre
  3215 | D:5      | Killed an ogre
  3215 | D:5      | Reached XP level 7. HP: 4/56 MP: 7/7
  4146 | D:5      | Found a staircase to the Ecumenical Temple.
  4574 | D:6      | Noticed a hornet
  4587 | D:6      | HP: 2/58 [poisoned by a hornet]
  4587 | D:6      | Mangled by a hornet

Levels and vault maps discovered:
D:1:      nzn_arrival_water_spiral, layout_basic
D:2:      layout_rooms, grunt_temple_overflow_holy_war, serial_bayou_lagoon_a
D:3:      layout_rooms, fedhas_altar_2, grunt_gozag_breadcrumbs,
          cheibriados_altar_1, minitemple, gammafunk_ghost_stat_death,
          minmay_misc_feat_rows, minivault_5, grunt_ministairs_5, uniq_robin
D:4:      layout_basic, lemuel_zombie_altar_kikubaaqudgha,
          chequers_temple_overflow_minitemple, serial_shops,
          nicolae_shop_waterfront, first_ration, serial_forest,
          infiniplex_forest_fountain, infiniplex_forest_clump_C,
          infiniplex_forest_straight_2, infiniplex_forest_lined_corner,
          infiniplex_forest_diagonal, minivault_11, kennysheep_another_room
D:5:      layout_loops_ring, minmay_temple_entry_slanted
D:6:      layout_basic, nicolae_dithmenos_shadow_blocks

Skill      XL: |  1  2  3  4  5  6  7 |
---------------+----------------------+-----
Shields        | 4 5 6 |  6.6
Fighting       | 4 5 6 |  6.0
Staves         | 3 4 |  4.9
Armour         | |  3.2

Action                   |  1- 3 |  4- 6 |  7- 9 || total
-------------------------+-------+-------+-------++-------
Melee: Quarterstaff      |    92 |   177 |    79 ||   348
 Abil: Dig               |       |     1 |     3 ||     4
  Use: Potion            |       |     2 |     2 ||     4
  Eat: Chunk             |     1 |     1 |       ||     2
       Ration            |       |     2 |     1 ||     3
Armor: Scale mail        |    19 |       |       ||    19
       Plate armour      |    28 |    79 |    34 ||   141
Dodge: Dodged            |    12 |    28 |    17 ||    57
Block: Shield            |    43 |    47 |       ||    90
       Buckler           |       |    11 |    13 ||    24
